 Dungeon Crawl Stone Soup version 0.32-a0-837-g8d3e27d251 (webtiles) character file.

Game seed: 9449069922710114326

319 Essalna the Digger (level 6, 0/46 HPs)
             Began as a Demonspawn Earth Elementalist on Mar 26, 2024.
             Killed by divine providence
             ... invoked by an orc priest
              (10 damage)
             ... on level 4 of the Dungeon.
             The game lasted 00:03:08 (1690 turns).

Essalna the Digger (Demonspawn Earth Elementalist)  Turns: 1690, Time: 00:03:08

Health: 0/46       AC:  3    Str:  9    XL:     6   Next: 21%
Magic:  11/11      EV: 28    Int: 19    God:
Gold:   72         SH:  0    Dex: 13    Spells: 10/11 levels left

rFire   . . .        m - +10 sling "Yhutio Etowa" {heavy, rC+ Int+2}
rCold   + . .        (no shield)
rNeg    . . .        a - +0 robe
rPois   .            q - +1 hat
rElec   .            (no cloak)
rCorr   .            (no gloves)
SInv    .            (no boots)
Will    +....        l - amulet of the acrobat
Stlth   ++           j - ring of willpower
HPRegen 0.27/turn    (no ring)
MPRegen 0.12/turn

%: acrobat
@: acrobatic, wreathed by umbra
A: repulsion field 1, demonic magic 1, demonic touch 1, foul shadow 1
a: Convert to Beogh


You were on level 4 of the Dungeon.
You visited 1 branch of the dungeon, and saw 4 of its levels.

You collected 72 gold pieces.

Inventory:

Hand Weapons
 m - the +10 sling "Yhutio Etowa" (weapon) {heavy, rC+ Int+2}
   (You found it on level 2 of the Dungeon)

   Int+2:     It affects your intelligence (+2).
   rC+:       It protects you from cold.
Armour
 a - a +0 robe (worn)
 q - a +1 hat (worn)
Jewellery
 j - a ring of willpower (left hand)
 l - an amulet of the acrobat (around neck)
Scrolls
 e - 2 scrolls of identify {unknown}
 f - a scroll of revelation {unknown}
 i - a scroll of teleportation {unknown}
 k - a scroll of fog {unknown}
 o - a scroll of vulnerability {unknown}
Potions
 b - a potion of magic
 c - a potion of resistance {unknown}
 d - 3 potions of curing {unknown}
 g - a potion of haste {unknown}
 h - a potion of invisibility {unknown}
 n - a potion of brilliance {unknown}
 p - 2 potions of heal wounds {unknown}
 r - a potion of ambrosia {unknown}


   Skills:
 + Level 2.9 Fighting
 - Level 1.7 Dodging
 - Level 1.7 Stealth
 + Level 3.4 Spellcasting
 + Level 3.1 Conjurations
 + Level 3.9 Earth Magic


You had 10 spell levels left.
You knew the following spells:

 Your Spells              Type           Power      Damage    Failure   Level
a - Sandblast             Erth           36%        2d10      3%          1

Your spell library contained the following spells:

 Spells                   Type           Power      Damage    Failure   Level
 Passwall                 Erth           18%        N/A       9%          3
 Stone Arrow              Conj/Erth      32%        3d9       11%         3
 Brom's Barrelling Bould  Conj/Erth      16%        2d4       34%         4
 Petrify                  Alch/Erth      10%        N/A       54%         4
 Borgnjor's Vile Clutch   Necr/Erth      5%         N/A       88%         5
 Alistair's Intoxication  Alch           2%         N/A       99%         5
 Eringya's Noxious Bog    Alch           1%         4d6       100%        6


Dungeon Overview and Level Annotations

Branches:
Dungeon (4/15)
 Temple: D:4-7

Altars:
Sif Muna
Xom
Yredelemnul

Shops:
D:1 !


Innate Abilities, Weirdness & Mutations

You are surrounded by a mild repulsion field. (EV +2)
Spells you cast may paralyse adjacent enemies.
Your touch may inflict minor irresistible damage on your foes.
You are faintly shadowed, very rarely releasing foul flame when damaged in melee.


Message History

The orc priest completely misses you. The orc priest completely misses you.
The orc priest looks satisfied for a moment.
The orc priest begins to cast a cantrip, but forgets the words!
The orc priest completely misses you.
The orc priest invokes the aid of Beogh against you.
You resist with some effort.
The orc priest mumbles some strange prayers to Beogh against you.
Beogh smites you! The orc priest misses you.
The orc priest completely misses you. The orc priest barely misses you.
The orc priest completely misses you. The orc priest closely misses you.
The orc priest misses you.
The orc priest invokes the aid of Beogh against you.
Beogh smites you!
The orc priest shouts, "Beogh offers mercy even to people such as you.
Join us and be reborn!" (press Y on the ability menu to convert to Beogh)
The orc priest completely misses you. The orc priest hits you with a +0 club.
The orc priest closely misses you. The orc priest completely misses you.
The orc priest looks braver for a moment.
The orc priest shouts, "Beogh offers mercy even to people such as you.
Join us and be reborn!"
The orc priest hits you with a +0 club. The orc priest hits you with a +0 club.
The orc priest hits you with a +0 club.
The orc priest is seared by the foul flame within you.
The orc priest is moderately wounded.
The orc priest completely misses you. The orc priest misses you.
The orc priest completely misses you. The orc priest closely misses you.
The orc priest mumbles some strange prayers to Beogh against you.
Beogh smites you!
* * * LOW HITPOINT WARNING * * *
The orc priest mumbles some strange prayers to Beogh against you.
Beogh smites you!
You die...

#........
#.....#
#..)..#
###.###
#.# #.#
#.# ###.#
#@.[#
#o###.#
#o .# #o
.. #. ...
.. ....
.. ...##
.r ..##


You could see an orc priest, 2 orcs and a quokka (wandering).

Vanquished Creatures
  Grinder (D:3)
  An orc wizard (D:3)
  4 gnolls (D:3)
  2 dart slugs (D:3)
  3 ribbon worms
  3 orcs (D:3)
  3 endoplasms
  4 giant cockroaches
  4 goblins
  4 hobgoblins
  2 jackals (D:1)
  3 quokkas (D:2)
  6 ball pythons
  4 bats
  3 frilled lizards
  3 kobolds (D:3)
  4 rats
54 creatures vanquished.

Notes
Turn   | Place    | Note
-------+----------+-------------------------------------------
     0 | D:1      | Essalna the Demonspawn Earth Elementalist began the quest
                  | for the Orb.
     0 | D:1      | Reached XP level 1. HP: 13/13 MP: 3/3
   403 | D:1      | Found Ximmeibb's Distillery.
   410 | D:1      | Gained mutation: You are surrounded by a mild repulsion
                  | field. (EV +2) [demonic ancestry]
   410 | D:1      | Reached XP level 2. HP: 20/20 MP: 0/5
   953 | D:2      | Identified the +10 sling "Yhutio Etowa" {heavy, rC+ Int+2}
   965 | D:2      | Reached skill level 1 in Fighting
  1034 | D:2      | Gained mutation: Spells you cast may paralyse adjacent
                  | enemies. [demonic ancestry]
  1034 | D:2      | Reached XP level 3. HP: 26/26 MP: 6/6
  1269 | D:3      | Noticed Grinder
  1270 | D:3      | Gained mutation: You are faintly shadowed, very rarely
                  | releasing foul flame when damaged in melee. [demonic
                  | ancestry]
  1270 | D:3      | Reached XP level 4. HP: 30/32 MP: 7/7
  1447 | D:3      | Killed Grinder
  1448 | D:3      | Reached XP level 5. HP: 40/40 MP: 8/10
  1448 | D:3      | Gained mutation: Your touch may inflict minor irresistible
                  | damage on your foes. [demonic ancestry]
  1448 | D:3      | Reached XP level 6. HP: 46/46 MP: 8/11
  1541 | D:3      | Found a shimmering blue altar of Sif Muna.
  1585 | D:3      | Found a basalt altar of Yredelemnul.
  1604 | D:3      | Found a shimmering altar of Xom.
  1605 | D:3      | Noticed an angel
  1655 | D:4      | Identified the +2 leather armour of the Eternal Void
                  | {Int+2}
  1690 | D:4      | Killed from afar by an orc priest

Illustrated notes

Levels and vault maps discovered:
D:1:      dpeg_arrival_tiny_a, layout_loops_ring, serial_shops,
          nicolae_shop_peninsula, chequers_serial_rivers_large_a
D:2:      layout_rooms
D:3:      layout_rooms, grunt_temple_overflow_order_and_chaos_1,
          lemuel_crystal_altar, mainiacjoe_overflow_brackets, uniq_grinder
D:4:      layout_loops_corners, serial_shops, shop,
          nicolae_shop_overgrown_old_shop, nicolae_shop_hallway_plus,
          nicolae_shop_rolling_square, nicolae_shop_window_shopping,
          kennysheep_doodads, kennysheep_generic_room_5

Skill      XL: |  1  2  3  4 |
---------------+-------------+-----
Fighting       | 1 2 |  2.9
Earth Magic    | 3 |  3.9
Conjurations   | 2 3 |  3.1
Spellcasting   | 3 |  3.4
Dodging        | |  1.7
Stealth        | |  1.7

Action                     |  1- 3 |  4- 6 || total
---------------------------+-------+-------++-------
  Melee: Unarmed           |    27 |       ||    27
         Punch             |     1 |       ||     1
   Fire: Sling             |    29 |    25 ||    54
   Cast: Sandblast         |    18 |       ||    18
 Armour: Robe              |    17 |    11 ||    28
  Dodge: Dodged            |    39 |    32 ||    71

Table legend: (Time is in decaauts)
 A = Elapsed time spent in this place.
 B = Non-inter-level travel time spent in this place.
 C = Inter-level travel time spent in this place.
 D = Time resting spent in this place.
 E = Time spent auto-exploring this place.
 F = Levels seen in this place.
 G = Mean time per level.
                   A        B        C        D        E       F      G
               +--------+--------+--------+--------+--------+-----+--------+
         Total |   1776 |   1704 |     72 |     37 |   1272 |   4 |  444.0 |
       Dungeon |   1776 |   1704 |     72 |     37 |   1272 |   4 |  444.0 |
               +--------+--------+--------+--------+--------+-----+--------+

Top non-repeatable levels by time:
     D:1: 941 daAuts
     D:3: 436 daAuts
     D:2: 358 daAuts
     D:4: 40 daAuts
